 Dungeon Crawl Stone Soup version 0.23-a0-767-gdc19b93d68 (webtiles) character file.

93 LLavrengius the Changer (level 4, -6/28 HPs)
             Began as an Octopode Transmuter on Jan 27, 2019.
             Mangled by Grinder (9 damage)
             ... while paralysed by Grinder
             ... on level 3 of the Dungeon.
             The game lasted 00:04:26 (1905 turns).

LLavrengius the Changer (Octopode Transmuter)       Turns: 1905, Time: 00:04:27

Health: -6/28      AC:  1    Str:  9    XL:     4   Next: 62%
Magic:  8/8        EV:  2    Int: 16    God:
Gold:   49         SH:  0    Dex: 12    Spells: 2/8 levels left

rFire    + . .     SeeInvis .   i - +2 dagger (venom)
rCold    + . .     Gourm    .   (no shield)
rNeg     . . .     Faith    .   (helmet restricted)
rPois    +         Spirit   .   (no amulet)
rElec    +         Reflect  .   f - ring of attention (curse)
rCorr    +         Harm     .   (no ring)
MR       .....                  (no ring)
Stlth    +.........             (no ring)
HPRegen  0.09/turn              (no ring)
MPRegen  0.11/turn              (no ring)
                                (no ring)
                                (no ring)

@: paralysed, resistant
A: almost no armour, stealthy swim, amphibious, 8 rings, constrict 8, camouflage
1, gelatinous body 1
a: no special abilities


You were on level 3 of the Dungeon.
You were not hungry.

You visited 1 branch of the dungeon, and saw 3 of its levels.

You collected 49 gold pieces.

Inventory:

Hand Weapons
 i - a +2 dagger of venom (weapon)
Missiles
 a - 12 arrows
Jewellery
 f - a cursed ring of attention (left tentacle)
Scrolls
 b - a scroll of random uselessness {unknown}
 d - 2 scrolls of amnesia {unknown}
 e - a scroll of enchant armour {unknown}
 g - a scroll of identify {unknown}
 h - 2 scrolls of remove curse {unknown}
 k - a scroll of teleportation {unknown}
Comestibles
 c - 4 rations
 l - a chunk of flesh


   Skills:
 - Level 1.0 Fighting
 - Level 2.0 Dodging
 - Level 3.0 Unarmed Combat
 + Level 2.8 Spellcasting
 * Level 3.8 Transmutations
 + Level 1.5 Poison Magic


You had 2 spell levels left.
You knew the following spells:

 Your Spells              Type           Power        Failure   Level  Hunger
a - Beastly Appendage     Tmut           ##....       4%          1    #......
b - Sticks to Snakes      Tmut           ##......     6%          2    ##.....
c - Spider Form           Tmut/Pois      ##........   19%         3    ###....

Your spell library contained the following spells:

 Spells                   Type           Power        Failure   Level  Hunger
 Ice Form                 Ice/Tmut       #.......     65%         4    #####..
 Blade Hands              Tmut           ##........   73%         5    ######.


Dungeon Overview and Level Annotations

Branches:
Dungeon (3/15)

Altars:

Annotations:
D:3 Grinder


Innate Abilities, Weirdness & Mutations

You cannot wear most types of armour.
You are very stealthy in the water. (Stealth+)
You are amphibious.
You can wear up to eight rings at the same time.
You can use your tentacles to constrict eight enemies at once.
Your skin changes colour to match your surroundings (Stealth+).
Your rubbery body absorbs attacks. (AC +1, EV +1)


Message History

You hit Grinder. You squeeze Grinder.
Grinder is lightly wounded.
You constrict Grinder.
Grinder says, "Don't move a muscle."
Grinder hits you!
You are too injured to fight recklessly!
You hit Grinder.
Grinder is lightly wounded.
You constrict Grinder. Grinder hits you!
* * * LOW HITPOINT WARNING * * *
You writhe in agony.
* * * LOW HITPOINT WARNING * * *
Okay, then.
It was a potion of resistance.
You feel protected.
You constrict Grinder. Grinder gestures at you.
You suddenly lose the ability to move!
You lose your grip on Grinder.
Grinder hits you!
You die...

###รท#######
#.#.....# #...#
#....#...... #...#
####.####.#####
#...# #.......#.#
#...# #.##..<...#
### #...#
#.#.<.#.### ....
#...# ##.......#
..... .....
.........###.....$
........5@.........
..........###......
####.....## .....
##...## .... ##.#
### #. #.


You could see Grinder.

Vanquished Creatures
  A bullfrog skeleton (D:2)
  2 adders
  An ooze (D:1)
  A dart slug (D:3)
  6 bats
  2 giant cockroaches
  5 goblins
  3 hobgoblins (D:1)
  5 jackals
  A quokka (D:2)
  A frilled lizard (D:1)
  6 kobolds
  2 rats (D:1)
36 creatures vanquished.

Notes
Turn   | Place    | Note
-------+----------+-------------------------------------------
     0 | D:1      | LLavrengius the Octopode Transmuter began the quest for the
                  | Orb.
     0 | D:1      | Reached XP level 1. HP: 13/13 MP: 3/3
   130 | D:1      | Reached XP level 2. HP: 14/18 MP: 3/5
   135 | D:1      | Learned a level 2 spell: Sticks to Snakes
   366 | D:1      | Reached XP level 3. HP: 23/23 MP: 6/6
   446 | D:2      | Learned a level 3 spell: Spider Form
   475 | D:2      | Reached skill level 1 in Poison Magic
   970 | D:2      | Reached XP level 4. HP: 26/28 MP: 7/7
  1895 | D:3      | Noticed Grinder
  1896 | D:3      | Paralysed by Grinder for 2 turns
  1904 | D:3      | Paralysed by Grinder for 6 turns
  1905 | D:3      | Mangled by Grinder

Vault maps used:
D:1:      wander_arrival_lonely_grave
D:3:      gammafunk_temple_overflow_elements, lightli_corner_chamber,
          uniq_grinder

Skill      XL: |  1  2  3 |
---------------+----------+-----
Transmutations | 3 |  3.8
Poison Magic   | 1 |  1.5
Fighting       | |  1.0
Dodging        | |  2.0
Unarmed Combat | |  3.0
Spellcasting   | |  2.8

Action                   |  1- 3 |  4- 6 || total
-------------------------+-------+-------++-------
Melee: Unarmed           |    56 |     1 ||    57
       Constrict         |    15 |     9 ||    24
       Tentacles         |     9 |     3 ||    12
       Kick              |     1 |       ||     1
       Dagger            |       |    35 ||    35
       Punch             |       |     1 ||     1
 Cast: Beastly Appendage |     1 |       ||     1
  Use: Potion            |       |     1 ||     1
 Stab: Sleeping          |     6 |     2 ||     8
  Eat: Chunk             |       |     3 ||     3
Armor: Skin              |     3 |     5 ||     8
Dodge: Dodged            |    35 |    24 ||    59

Table legend:
 A = Non-vault XP
 B = Vault XP
 C = Vault XP percentage of total XP
 D = Non-vault monster count
 E = Vault monster count
 F = Vault count percentage of total count
                 A         B        C        D         E       F
            +---------+---------+-------+---------+---------+-------
      Total |     134 |       0 |   0.0 |      36 |       0 |   0.0
            +---------+---------+-------+---------+---------+-------
        D:1 |      35 |       0 |   0.0 |      17 |       0 |   0.0
        D:2 |      79 |       0 |   0.0 |      15 |       0 |   0.0
        D:3 |      20 |       0 |   0.0 |       4 |       0 |   0.0
            +---------+---------+-------+---------+---------+-------
